SAAA
SUNSET DISTRICT FOG @ NAPERVILLE BATTLEKINGS
09/05/2028
 
TOP OF THE 1ST
Sunset District Fog batting - Pitching for Naperville Battlekings : RHP Alberto Mendoza
Pitching: RHP Alberto Mendoza
Batting: RHB Yehonatan Chazan 0-0: Foul Ball, location: 2F
0-1: Ball
1-1: Called Strike
1-2: Strikes out swinging
Batting: SHB Domingo Luna 0-0: Ball
1-0: Ball
2-0: Called Strike
2-1: Foul Ball, location: 2F
2-2: Strikes out looking
Batting: LHB David Holbrook 0-0: Ball
1-0: Ball
2-0: Foul Ball, location: 2F
2-1: SINGLE (Line Drive, 56)
Batting: RHB Alfonso Nazario 0-0: Foul Ball, location: 2F
0-1: Foul Ball, location: 2F
0-2: Strikes out swinging
Top of the 1st over - 0 run(s), 1 hit(s), 0 error(s), 1 left on base; Sunset District 0 - Naperville 0
BOTTOM OF THE 1ST
Naperville Battlekings batting - Pitching for Sunset District Fog : RHP Merlin Bassett
Pitching: RHP Merlin Bassett
Batting: RHB Zeus Preckwinkle 0-0: Swinging Strike
0-1: Ball
1-1: Swinging Strike
1-2: Foul Ball, location: 2F
1-2: Ball
2-2: Fly out, F9 (Flyball, 9S)
Batting: LHB Curtis Peters 0-0: Called Strike
0-1: Ball
1-1: Swinging Strike
1-2: Strikes out swinging
Batting: LHB Arthur Ryan 0-0: Ball
1-0: Ground out 6-3 (Groundball, 6)
Bottom of the 1st over - 0 run(s), 0 hit(s), 0 error(s), 0 left on base; Sunset District 0 - Naperville 0
TOP OF THE 2ND
Sunset District Fog batting - Pitching for Naperville Battlekings : RHP Alberto Mendoza
Batting: LHB Enrique Vásquez 0-0: Called Strike
0-1: Foul Ball, location: 2F
0-2: Ground out 4-3 (Groundball, 34)
Batting: RHB José Vargas 0-0: Foul Ball, location: 2F
0-1: Fly out, F9 (Flyball, 9LS)
Batting: RHB Armando Rodríguez 0-0: Ball
1-0: DOUBLE (Flyball, 78M)
Batting: RHB Tetsunori Kimura 0-0: Called Strike
0-1: Ball
1-1: Fly out, F9 (Flyball, 9S)
Top of the 2nd over - 0 run(s), 1 hit(s), 0 error(s), 1 left on base; Sunset District 0 - Naperville 0
BOTTOM OF THE 2ND
Naperville Battlekings batting - Pitching for Sunset District Fog : RHP Merlin Bassett
Batting: RHB Ben Kennerly 0-0: Swinging Strike
0-1: Foul Ball, location: 2F
0-2: Fly out, F9 (Line Drive, 9)
Batting: LHB Naohiro Sakai 0-0: Called Strike
0-1: Swinging Strike
0-2: Ball
1-2: Ball
2-2: Fly out, F9 (Flyball, 9D)
Batting: RHB António Guzmán 0-0: SINGLE (Line Drive, 78M)
Batting: LHB Joe Cashmore 0-0: Foul Ball, location: 2F
0-1: Swinging Strike
0-2: Ball
1-2: Ball
2-2: Fly out, F8 (Flyball, 8LS)
Bottom of the 2nd over - 0 run(s), 1 hit(s), 0 error(s), 1 left on base; Sunset District 0 - Naperville 0
TOP OF THE 3RD
Sunset District Fog batting - Pitching for Naperville Battlekings : RHP Alberto Mendoza
Batting: RHB Reginald Kalkman 0-0: Ball
1-0: Swinging Strike
1-1: TRIPLE (Flyball, 89M)
Batting: RHB Yehonatan Chazan 0-0: Ball
1-0: Foul Ball, location: 2F
1-1: Ball
2-1: SINGLE (Line Drive, 78S)
Reginald Kalkman scores
Batting: SHB Domingo Luna 0-0: Ball
1-0: Ball
2-0: SINGLE (Groundball, 34D)
Yehonatan Chazan to second
Runner from 2nd tries for 3rd, SAFE, no throw
Batting: LHB David Holbrook 0-0: Ball
1-0: Ball
2-0: Called Strike
2-1: Ball
3-1: Fly out, F8 (Line Drive, 78M)
Runner from 3rd tags up, SCORES, no throw
Batting: RHB Alfonso Nazario 0-0: Ball
1-0: Called Strike
1-1: DOUBLE (Line Drive, 7LM)
Domingo Luna to third
Runner from 3rd tries for Home, SAFE, no throw
Batting: LHB Enrique Vásquez 0-0: Ball
1-0: Foul Ball, location: 2F
1-1: Swinging Strike
1-2: Ball
2-2: Ground out 6-3 (Groundball, 6)
Batting: RHB José Vargas 0-0: Ball
1-0: Ball
2-0: Foul Ball, location: 2F
2-1: SINGLE (Line Drive, 4MD)
Alfonso Nazario to third
Runner from 3rd tries for Home, SAFE, no throw
Batting: RHB Armando Rodríguez 0-0: Called Strike
0-1: Ball
1-1: Foul Ball, location: 2F
1-2: Ball
2-2: Fly out, F7 (Flyball, 78S)
Top of the 3rd over - 4 run(s), 5 hit(s), 0 error(s), 1 left on base; Sunset District 4 - Naperville 0
BOTTOM OF THE 3RD
Naperville Battlekings batting - Pitching for Sunset District Fog : RHP Merlin Bassett
Batting: RHB Sergio Pérez 0-0: Called Strike
0-1: Called Strike
0-2: Strikes out swinging
Batting: LHB Alexis Raimbault 0-0: Ball
1-0: Ball
2-0: Foul Ball, location: 2F
2-1: Fly out, F8 (Flyball, 8RD)
Batting: RHB Zeus Preckwinkle 0-0: Foul Ball, location: 2F
0-1: Ball
1-1: Ball
2-1: Fly out, F8 (Flyball, 8LXD)
Bottom of the 3rd over - 0 run(s), 0 hit(s), 0 error(s), 0 left on base; Sunset District 4 - Naperville 0
TOP OF THE 4TH
Sunset District Fog batting - Pitching for Naperville Battlekings : RHP Alberto Mendoza
Batting: RHB Tetsunori Kimura 0-0: Ball
1-0: Called Strike
1-1: Swinging Strike
1-2: Ball
2-2: Ground out 5-3 (Groundball, 56)
Batting: RHB Reginald Kalkman 0-0: Foul Ball, location: 2F
0-1: Swinging Strike
0-2: SINGLE (Line Drive, 89S)
Batting: RHB Yehonatan Chazan 0-0: Called Strike
0-1: Ball
1-1: Ball
2-1: Ball
3-1: Fielders Choice at 2nd, 4-6 (Groundball, 4)
Batting: SHB Domingo Luna 0-0: Called Strike
Yehonatan Chazan steals 2nd base
0-1: Ball
1-1: Ball
2-1: Foul Ball, location: 2F
2-2: Strikes out swinging
Top of the 4th over - 0 run(s), 1 hit(s), 0 error(s), 1 left on base; Sunset District 4 - Naperville 0
BOTTOM OF THE 4TH
Naperville Battlekings batting - Pitching for Sunset District Fog : RHP Merlin Bassett
Batting: LHB Curtis Peters 0-0: Fly out, F5 (Popup, 5S)
Batting: LHB Arthur Ryan 0-0: Ground out U3 (Groundball, 34)
Batting: RHB Ben Kennerly 0-0: Swinging Strike
0-1: Ground out 6-3 (Groundball, 6)
Bottom of the 4th over - 0 run(s), 0 hit(s), 0 error(s), 0 left on base; Sunset District 4 - Naperville 0
TOP OF THE 5TH
Sunset District Fog batting - Pitching for Naperville Battlekings : RHP Alberto Mendoza
Batting: LHB David Holbrook 0-0: Called Strike
0-1: Ball
1-1: Foul Ball, location: 2F
1-2: Fly out, F2 (Popup, 2R)
Batting: RHB Alfonso Nazario 0-0: Ball
1-0: Fly out, F8 (Flyball, 8LXD)
Batting: LHB Enrique Vásquez 0-0: Ground out 4-3 (Groundball, 4S)
Top of the 5th over - 0 run(s), 0 hit(s), 0 error(s), 0 left on base; Sunset District 4 - Naperville 0
BOTTOM OF THE 5TH
Naperville Battlekings batting - Pitching for Sunset District Fog : RHP Merlin Bassett
Batting: LHB Naohiro Sakai 0-0: Ball
1-0: Foul Ball, location: 2F
1-1: Swinging Strike
1-2: SINGLE (Line Drive, 4M)
Batting: RHB António Guzmán 0-0: Ball
1-0: Foul Ball, location: 2F
1-1: Ground out 5-3 (Groundball, 56S)
Naohiro Sakai to second
Batting: LHB Joe Cashmore 0-0: Ball
Naohiro Sakai steals 3rd base
1-0: Ground out 3-1 (Groundball, 34)
Naohiro Sakai scores
Batting: RHB Sergio Pérez 0-0: Foul Ball, location: 2F
0-1: Ball
1-1: Ball
2-1: Ground out 6-3 (Groundball, 6)
Bottom of the 5th over - 1 run(s), 1 hit(s), 0 error(s), 0 left on base; Sunset District 4 - Naperville 1
TOP OF THE 6TH
Sunset District Fog batting - Pitching for Naperville Battlekings : RHP Alberto Mendoza
Batting: RHB José Vargas 0-0: Ball
1-0: Ball
2-0: Foul Ball, location: 2F
2-1: DOUBLE (Line Drive, 7LM)
Batting: RHB Armando Rodríguez 0-0: Ball
1-0: Ball
2-0: SINGLE (Groundball, 6D)
José Vargas to third
Runner from 3rd tries for Home, SAFE, throw made home
Batting: RHB Tetsunori Kimura 0-0: Called Strike
Armando Rodríguez is caught stealing 2nd base
0-1: Swinging Strike
0-2: Foul Ball, location: 2F
0-2: Ball
1-2: Fly out, F7 (Flyball, 7D)
Batting: RHB Reginald Kalkman 0-0: Ball
1-0: Called Strike
1-1: Ground out 4-3 (Groundball, 4)
Top of the 6th over - 1 run(s), 2 hit(s), 0 error(s), 0 left on base; Sunset District 5 - Naperville 1
BOTTOM OF THE 6TH
Naperville Battlekings batting - Pitching for Sunset District Fog : RHP Merlin Bassett
Batting: LHB Alexis Raimbault 0-0: Called Strike
0-1: TRIPLE (Line Drive, 9LM)
Batting: RHB Zeus Preckwinkle 0-0: Ball
1-0: Swinging Strike
1-1: Called Strike
1-2: Foul Ball, location: 2F
1-2: Ball
2-2: Ball
3-2: Foul Ball, location: 2F
3-2: Strikes out looking
Batting: LHB Curtis Peters 0-0: SINGLE (Groundball, 6MD)
Alexis Raimbault scores
Batting: LHB Arthur Ryan 0-0: Ball
1-0: Foul Ball, location: 2F
1-1: Ball
2-1: Fielders Choice at 2nd, 4-6 (Groundball, 4)
Batting: RHB Ben Kennerly 0-0: Ball
1-0: Called Strike
1-1: Ball
Wild Pitch!
Arthur Ryan to second
2-1: Called Strike
2-2: Strikes out swinging
Bottom of the 6th over - 1 run(s), 2 hit(s), 0 error(s), 1 left on base; Sunset District 5 - Naperville 2
TOP OF THE 7TH
Sunset District Fog batting - Pitching for Naperville Battlekings : RHP Alberto Mendoza
Batting: RHB Yehonatan Chazan 0-0: Ball
1-0: Ball
2-0: Ball
3-0: Base on Balls
Batting: SHB Domingo Luna 0-0: Bunt missed!
0-1: Bunted foul
0-2: Ball
1-2: Grounds into double play, 6-4-3 (Groundball, 6)
Batting: LHB David Holbrook 0-0: SOLO HOME RUN (Flyball, 7D), Distance : 386 ft
Batting: RHB Alfonso Nazario 0-0: Called Strike
0-1: Ball
1-1: Swinging Strike
1-2: Ball
2-2: Foul Ball, location: 2F
2-2: SINGLE (Groundball, 6MD)
Pitching: RHP Eric Newell
Batting: LHB Enrique Vásquez 0-0: Swinging Strike
0-1: Foul Ball, location: 2F
0-2: Ball
1-2: DOUBLE (Line Drive, 9LS)
Alfonso Nazario to third
Batting: RHB José Vargas 0-0: Ball
1-0: Swinging Strike
1-1: Ball
2-1: Foul Ball, location: 2F
2-2: Foul Ball, location: 2F
2-2: Foul Ball, location: 2F
2-2: Strikes out swinging
Top of the 7th over - 1 run(s), 3 hit(s), 0 error(s), 2 left on base; Sunset District 6 - Naperville 2
BOTTOM OF THE 7TH
Naperville Battlekings batting - Pitching for Sunset District Fog : RHP Merlin Bassett
Batting: LHB Naohiro Sakai 0-0: Foul Ball, location: 2F
0-1: Foul Ball, location: 2F
0-2: Ball
1-2: Ball
2-2: DOUBLE (Line Drive, 8RXD)
Batting: RHB António Guzmán 0-0: Ball
1-0: Ball
2-0: SINGLE (Groundball, 34D)
Naohiro Sakai to third
Batting: LHB Joe Cashmore 0-0: Foul Ball, location: 2F
0-1: Fielders Choice at 2nd, 3-6 (Groundball, 3)
Naohiro Sakai scores
Batting: RHB Sergio Pérez 0-0: Fly out, F7 (Line Drive, 78S)
Batting: LHB Alexis Raimbault 0-0: Foul Ball, location: 2F
0-1: Ball
1-1: SINGLE (Line Drive, 34)
Joe Cashmore to second
Batting: RHB Zeus Preckwinkle 0-0: Called Strike
0-1: Called Strike
0-2: SINGLE (Groundball, 56D)
Joe Cashmore to third
Alexis Raimbault to second
Pitching: LHP Cristo Perales
Pinch Hitting: RHB Scott Zijm 0-0: Foul Ball, location: 2F
0-1: Foul Ball, location: 2F
0-2: Ball
1-2: Foul Ball, location: 2F
1-2: Ball
2-2: Ball
3-2: SINGLE (Flyball, 6MD)
Joe Cashmore scores
Alexis Raimbault to third
Zeus Preckwinkle to second
Alexis Raimbault scores
Zeus Preckwinkle to third
Batting: LHB Arthur Ryan 0-0: Ball
1-0: Foul Ball, location: 2F
1-1: Ball
2-1: Foul Ball, location: 2F
2-2: Strikes out swinging
Bottom of the 7th over - 3 run(s), 5 hit(s), 0 error(s), 2 left on base; Sunset District 6 - Naperville 5
TOP OF THE 8TH
Sunset District Fog batting - Pitching for Naperville Battlekings : RHP Eric Newell
Now at 2B: Miguel Rodríguez
Batting: RHB Armando Rodríguez 0-0: Ball
1-0: Called Strike
1-1: Called Strike
1-2: Foul Ball, location: 2F
1-2: SINGLE (Line Drive, 89S)
Batting: RHB Tetsunori Kimura 0-0: Sac Bunt - play at first, batter OUT! 1-4
Armando Rodríguez to second
Pinch Hitting: LHB Armando Carmona 0-0: Called Strike
0-1: Ball
1-1: Ball
2-1: Fly out, F7 (Flyball, 7D)
Runner from 2nd tags up, SAFE at 3rd, no throw
Batting: RHB Yehonatan Chazan 0-0: Called Strike
0-1: Foul Ball, location: 2F
0-2: Hit by Pitch
Pinch Hitting: SHB Albert Sánchez 0-0: Ball
1-0: Called Strike
1-1: Ground out 4-3 (Groundball, 4S)
Top of the 8th over - 0 run(s), 1 hit(s), 0 error(s), 2 left on base; Sunset District 6 - Naperville 5
BOTTOM OF THE 8TH
Naperville Battlekings batting - Pitching for Sunset District Fog : LHP Cristo Perales
Pitching: RHP Bryan McKinney
Now at 2B: Vicente Rodríguez
Now at SS: Armando Carmona
Batting: RHB Ben Kennerly 0-0: Ball
1-0: Foul Ball, location: 2F
1-1: Foul Ball, location: 2F
1-2: Ball
2-2: Strikes out swinging
Pitching: LHP Billy Mays
Batting: LHB Naohiro Sakai 0-0: SINGLE (Groundball, 34D)
Pitching: RHP Rich Wright
Batting: RHB António Guzmán 0-0: Foul Ball, location: 2F
0-1: Ball
1-1: Foul Ball, location: 2F
1-2: Foul Ball, location: 2F
1-2: Ball
2-2: Foul Ball, location: 2F
2-2: Ball
3-2: DOUBLE (Flyball, 8RD)
Naohiro Sakai to third
Batting: LHB Joe Cashmore 0-0: Fly out, F8 (Flyball, 8LS)
Runner from 3rd tags up, SCORES, no throw
Batting: RHB Sergio Pérez 0-0: Called Strike
0-1: Ball
1-1: Ball
2-1: Fly out, F9 (Flyball, 9LM)
Bottom of the 8th over - 1 run(s), 2 hit(s), 0 error(s), 1 left on base; Sunset District 6 - Naperville 6
TOP OF THE 9TH
Sunset District Fog batting - Pitching for Naperville Battlekings : RHP Eric Newell
Pitching: LHP Esteban Jiménez
Batting: LHB David Holbrook 0-0: Ball
1-0: Called Strike
1-1: Ball
2-1: Fly out, F8 (Flyball, 8LD)
Batting: RHB Alfonso Nazario 0-0: Swinging Strike
0-1: Ball
1-1: Foul Ball, location: 2F
1-2: Fly out, F8 (Flyball, 8LM)
Batting: LHB Enrique Vásquez 0-0: Called Strike
0-1: Swinging Strike
0-2: Strikes out looking
Top of the 9th over - 0 run(s), 0 hit(s), 0 error(s), 0 left on base; Sunset District 6 - Naperville 6
BOTTOM OF THE 9TH
Naperville Battlekings batting - Pitching for Sunset District Fog : RHP Rich Wright
Pitching: LHP Cisco Flores
Pinch Hitting: RHB Edward Payne 0-0: Ball
1-0: Foul Ball, location: 2F
1-1: Ball
2-1: Foul Ball, location: 2F
2-2: Strikes out swinging
Batting: RHB Zeus Preckwinkle 0-0: Ball
1-0: Foul Ball, location: 2F
1-1: Foul Ball, location: 2F
1-2: DOUBLE (Flyball, 8RM)
Pinch Hitting: RHB Theodore York 0-0: Ground out 6-3 (Groundball, 6)
Zeus Preckwinkle to third
Batting: LHB Arthur Ryan 0-0: Foul Ball, location: 2F
0-1: Called Strike
0-2: Foul Ball, location: 2F
0-2: Foul Ball, location: 2F
0-2: Foul Ball, location: 2F
0-2: Ball
1-2: Ball
2-2: SINGLE (Groundball, 6D)
Zeus Preckwinkle scores
Thursday, August 31st, 2017 - OOTP Baseball 17.12 Build 75